 Dungeon Crawl Stone Soup version 0.19-a0-854-gc78d25d (webtiles) character file.

2501 4thArraOfDagon the Martial Artist (level 9, 0/56 HPs)
             Began as a Kobold Monk on July 1, 2016.
             Was an Elder of Cheibriados.
             Slain by a death yak (21 damage)
             ... on level 9 of the Dungeon.
             The game lasted 00:13:59 (3044 turns).

4thArraOfDagon the Martial Artist (Kobold Monk)     Turns: 3044, Time: 00:13:59

Health: 0/56       AC: 10    Str: 20    XL:     9   Next: 82%
Magic:  9/12       EV: 23    Int: 24    God:    Cheibriados [****..]
Gold:   25         SH:  0    Dex: 35    Spells: 0 memorised, 8 levels left

rFire  . . .     SeeInvis .       - Unarmed
rCold  + . .     Gourm    .     u - +3 ring mail "Avvuddon" {rC+ Regen+ Dex+4 Stlth-}
rNeg   . . .     Faith    .     (shield restricted)
rPois  +         Spirit   .     (no helmet)
rElec  .         Dismiss  .     w - +0 cloak
rCorr  .         Reflect  .     (no gloves)
SustAt .         Harm     .     n - +0 pair of boots
MR     .....                    (no amulet)
Stlth  ++........               (no ring)
                                (no ring)

@: brilliant, lethally poisoned (0 -> 0), very slightly contaminated, hasted,
slow, not resistant to hostile enchantments, unstealthy
A: carnivore 3, clever 1, poison resistance, regeneration 1, strong 1, evolution
1
a: Bend Time, Temporal Distortion, Slouch, Renounce Religion


You were on level 9 of the Dungeon.
You worshipped Cheibriados.
Cheibriados was greatly pleased with you.
You were completely stuffed.

You visited 2 branches of the dungeon, and saw 10 of its levels.
You also visited: Ossuary.

You collected 385 gold pieces.
You spent 360 gold pieces at shops.

Inventory:

Missiles
 y - a throwing net (quivered)
Armour
 a - a +0 robe
 c - a +0 ring mail
 j - a cursed +0 plate armour
 n - a +0 pair of boots (worn)
 u - the +3 ring mail "Avvuddon" (worn) {rC+ Regen+ Dex+4 Stlth-}
   (You bought it in a shop on level 7 of the Dungeon)

   It affects your dexterity (+4).
   It protects you from cold.
   It increases your rate of regeneration.
   It makes you less stealthy.
 w - a +0 cloak (worn)
 x - the +4 ring mail of Toocugi {SInv}
   (You bought it in a shop on level 7 of the Dungeon)

   It lets you see invisible.
Wands
 l - a wand of paralysis (0/24)
 s - a wand of flame (30/48)
 t - a wand of teleportation (0/9)
Scrolls
 e - 2 scrolls of fog
 f - a scroll of blinking {unknown}
 g - a scroll of random uselessness {unknown}
 i - a scroll of enchant armour {unknown}
 k - a scroll of noise {unknown}
 p - a scroll of immolation {unknown}
 q - 2 scrolls of remove curse {unknown}
 v - a scroll of magic mapping {unknown}
 z - a scroll of silence {unknown}
Potions
 h - 4 potions of flight
Comestibles
 b - 5 meat rations


   Skills:
 + Level 6.9 Fighting
 + Level 8.2 Dodging
 - Level 2.6 Stealth
 * Level 9.0 Unarmed Combat
 + Level 4.6 Invocations


You had 8 spell levels left.
You didn't know any spells.

Dungeon Overview and Level Annotations

Branches:
Dungeon (9/15)             Temple (1/1) D:6            Lair (0/6) D:9
    Orc: D:9-12

Altars:
Cheibriados
Elyvilon
Okawaru
Vehumet
Xom
Zin

Shops:
D:7 [   D:8 *


Innate Abilities, Weirdness & Mutations

You are small and have problems with some larger weapons.
You are carnivorous and can eat meat at any time.
Your mind is acute. (Int +2)
Your system is resistant to poisons. (rPois)
Your natural rate of healing is unusually fast.
Your muscles are strong. (Str +2)
You evolve.


Message History

Unknown command.
You punch the death yak!
The death yak is lightly wounded.
Unknown command.
You hit the death yak but do no damage.
The death yak is lightly wounded.
The death yak gores you! The elephant tramples you.
You hold your ground!
The elephant misses you.
You hear a bellow!
Unknown command.
As you read the scroll labeled GOOHAD SICAOLY, it crumbles to dust.
It is a scroll of brand weapon.
You aren't carrying any weapons that can be branded.
Unknown command.
As you read the scroll labeled ONUNNIP FOSH, it crumbles to dust.
It is a scroll of enchant weapon.
You aren't carrying any weapons that can be enchanted.
The elephant completely misses you. The elephant misses you.
The death yak gores you!!
You die...

..'.............[......#
..###..................#
..# #................).#
..# #....###....Y#######
..###....###.....#
...............§.#
..............§YY#
#............§§YY#
#............§§Y@#
####........######
............###
..............#
..............#
...)..#........#
...)..#####....# ......#
#....# ......# ....#


You could see a death yak, an elephant and 3 yaks.

Vanquished Creatures
  A hungry ghost (D:8)
  A black bear (D:6)
  An ogre (D:9)
  3 orc warriors
  A crocodile (D:9)
  A big kobold (D:9)
  2 giant frogs
  A scorpion (D:7)
  3 killer bees (D:7)
  11 wights
  4 howler monkeys (D:7)
  A crimson imp (D:7)
  A centaur zombie (D:8)
  A jelly (D:8)
  A quasit (D:7)
  4 orc priests
  2 giant frog skeletons
  2 iguanas (D:7)
  4 orc wizards
  2 worker ants
  A big kobold zombie (Ossuary)
  2 hound skeletons (D:7)
  8 mummies (Ossuary)
  7 gnolls
  3 adders
  3 shadow imps
  2 adder skeletons
  An adder zombie (D:7)
  2 worms (D:3)
  A dart slug (D:3)
  A giant gecko (D:9)
  17 orcs
  3 giant cockroaches
  A hobgoblin (D:3)
  5 jackals
  2 kobolds (D:9)
  A quokka (D:4)
  2 giant newts
  A gnoll zombie (Ossuary)
  A goblin (D:3)
  3 hobgoblin zombies (Ossuary)
  3 orc zombies (Ossuary)
  2 rats (D:3)
119 creatures vanquished.

Notes
Turn   | Place    | Note
-------+----------+-------------------------------------------
     0 | D:1      | 4thArraOfDagon the Kobold Monk began the quest for the Orb.
     0 | D:1      | Reached XP level 1. HP: 14/14 MP: 1/1
    53 | D:1      | You fall through a shaft!
   162 | D:3      | Noticed an orc priest
   168 | D:3      | Reached XP level 2. HP: 15/19 MP: 2/2
   174 | D:3      | Gained mutation: Your natural rate of healing is unusually fast. [potion of mutation]
   174 | D:3      | Gained mutation: You evolve. [potion of mutation]
   174 | D:3      | Gained mutation: Your system is resistant to poisons. (rPois) [potion of mutation]
   213 | D:3      | Noticed a giant frog
   327 | D:3      | Reached XP level 3. HP: 23/23 MP: 3/3
   543 | D:4      | Reached skill level 4 in Unarmed Combat
   543 | D:4      | Reached XP level 4. HP: 21/29 MP: 4/4
   605 | D:5      | Entered Level 5 of the Dungeon
   859 | D:4      | Gained mutation: Your mind is acute. (Int +2) [evolution]
   896 | D:6      | Found a staircase to the Ecumenical Temple.
   907 | D:6      | Noticed a giant frog
   907 | D:6      | Noticed a black bear
   919 | D:6      | HP: 2/43 [giant frog (2)]
   920 | D:6      | Killed a black bear
   920 | D:6      | Reached XP level 5. HP: 2/33 MP: 5/5
   922 | D:6      | Killed a giant frog
   922 | D:6      | Reached skill level 5 in Unarmed Combat
   922 | D:6      | Reached XP level 6. HP: 4/39 MP: 6/6
  1049 | D:6      | Reached skill level 5 in Dodging
  1087 | D:6      | Reached XP level 7. HP: 38/44 MP: 7/7
  1120 | D:6      | Reached skill level 5 in Fighting
  1125 | D:6      | Found a sand-covered staircase.
  1127 | Temple   | Entered the Ecumenical Temple
  1133 | Temple   | Became a worshipper of Cheibriados the Contemplative
  1133 | Temple   | Reached * piety under Cheibriados
  1133 | Temple   | Reached ** piety under Cheibriados
  1149 | Ossuary  | Entered an ossuary
  1177 | Ossuary  | Reached skill level 6 in Unarmed Combat
  1559 | D:7      | Gained mutation: Your muscles are strong. (Str +2) [evolution]
  1571 | D:7      | Found an iron altar of Okawaru.
  1582 | D:7      | Reached skill level 1 in Invocations
  1595 | D:7      | Found Ibanecaa's Antique Armour Boutique.
  1607 | D:7      | Bought a transparent ring mail for 180 gold pieces
  1644 | D:7      | Reached XP level 8. HP: 16/50 MP: 7/9
  1682 | D:7      | Identified the +3 ring mail "Avvuddon" {rC+ Regen+ Dex+4 Stlth-} (You bought it in a shop on level 7 of the Dungeon)
  1730 | D:7      | Reached skill level 7 in Unarmed Combat
  1932 | D:7      | Reached *** piety under Cheibriados
  1979 | D:7      | HP: 1/51 [orc warrior/halberd (13)]
  2044 | D:7      | Reached XP level 9. HP: 55/55 MP: 11/11
  2268 | D:8      | Reached skill level 8 in Unarmed Combat
  2583 | D:7      | Bought an encrusted ring mail for 180 gold pieces
  2593 | D:7      | Identified the +4 ring mail of Toocugi {SInv} (You bought it in a shop on level 7 of the Dungeon)
  2744 | D:8      | Found Gazuin's Assorted Antiques.
  2895 | D:9      | Found a staircase to the Lair.
  2895 | D:9      | Noticed an elephant
  2914 | D:9      | Reached **** piety under Cheibriados
  3029 | D:9      | Reached skill level 9 in Unarmed Combat
  3030 | D:9      | Noticed a death yak
  3044 | D:9      | Slain by a death yak

Vault maps used:
D:1:      erik_arrival_orb_chamber
D:2:      tso_altar
D:3:      tgw_sif
D:4:      uniq_crazy_yiuf_cottage
D:5:      first_bread, grunt_ministairs_6
D:6:      enter_ossuary_1
D:7:      okawaru_trees_1, serial_shops, shop
D:8:      serial_shops, nicolae_shop_overgrown_old_shop
D:9:      david_lair_generic, minmay_orc_entry_guard_dogs
Temple:   nicolae_temple_the_god_donut
Ossuary:  ossuary_tomb_3

Skill      XL: |  1  2  3  4  5  6  7  8  9 |
---------------+----------------------------+-----
Dodging        | 4 5 7 8 |  8.2
Unarmed Combat | 4 5 6 7 9 |  9.0
Fighting       | 4 5 6 |  6.9
Invocations    | 1 3 4 |  4.6
Stealth        | |  2.6

Action                   |  1- 3 |  4- 6 |  7- 9 || total
-------------------------+-------+-------+-------++-------
Melee: Unarmed           |    70 |    63 |   504 ||   637
       Punch             |     1 |     1 |    23 ||    25
Invok: Bend Time         |       |       |     8 ||     8
Evoke: Wand              |       |     7 |     4 ||    11
  Use: Potion            |     1 |     1 |     5 ||     7
       Scroll            |       |     3 |     4 ||     7
 Stab: Sleeping          |     2 |     2 |     2 ||     6
       Paralysed         |       |    15 |     5 ||    20
  Eat: Chunk             |     7 |       |    11 ||    18
Armor: Ring mail         |    11 |    17 |    60 ||    88
       Skin              |       |     4 |       ||     4
Dodge: Dodged            |    32 |    42 |   400 ||   474
